 Dungeon Crawl Stone Soup version 0.22.1-2-g9c5b331 (webtiles) character file.

64 Gearfox the Chopper (level 4, -1/39 HPs)
             Began as a Hill Orc Fighter on Dec 5, 2018.
             Slain by an orc warrior
             ... wielding a +0 short sword
              (18 damage)
             ... on level 3 of the Dungeon.
             The game lasted 00:06:03 (1702 turns).

Gearfox the Chopper (Hill Orc Fighter)              Turns: 1702, Time: 00:06:04

Health: -1/39      AC:  6    Str: 19    XL:     4   Next: 12%
Magic:  4/4        EV:  9    Int:  8    God:
Gold:   121        SH:  0    Dex: 10    Spells: 3/3 levels left

rFire    . . .     SeeInvis +   a - +0 war axe
rCold    . . .     Gourm    .   (no shield)
rNeg     . . .     Faith    .   b - +0 scale mail
rPois    .         Spirit   .   (no helmet)
rElec    .         Reflect  .   (no cloak)
rCorr    .         Harm     .   (no gloves)
MR       .....                  (no boots)
Stlth    ..........             (no amulet)
HPRegen  0.13/turn              h - ring of see invisible
MPRegen  0.09/turn              (no ring)

@: no status effects
A: no striking features
a: no special abilities


You were on level 3 of the Dungeon.
You were hungry.

You visited 1 branch of the dungeon, and saw 3 of its levels.

You collected 121 gold pieces.

Inventory:

Hand Weapons
 a - a +0 war axe (weapon)
 l - a +2 hand axe of chopping
Armour
 b - a +0 scale mail (worn)
 c - a +1 shield
Jewellery
 h - a ring of see invisible (left hand)
Scrolls
 k - 2 scrolls of magic mapping
Potions
 d - a potion of might
 e - a potion of degeneration {unknown}
 i - 2 potions of flight {unknown}
 j - a potion of haste {unknown}
 m - a potion of brilliance {unknown}
Comestibles
 f - 5 rations
 g - 3 chunks of flesh


   Skills:
 - Level 3.6 Fighting
 * Level 5.7 Axes
 - Level 3.2 Armour
 - Level 3.2 Shields


You had 3 spell levels left.
You didn't know any spells.
Your spell library was empty.

Dungeon Overview and Level Annotations

Branches:
Dungeon (3/15)

Altars:
Trog

Annotations:
D:1 1 runed door
D:3 1 runed door, buskinjo's ghost, amateur DsFE


Message History

The orc wizard seems to speed up.
You hit the frilled lizard.
You kill the frilled lizard!
The orc wizard gestures at you while chanting.
The magic dart hits you!
You hit the orc wizard.
The orc wizard is lightly wounded.
The orc wizard mumbles some strange words.
The orc wizard blinks!
An orc warrior comes into view. It is wielding a short sword.
Things that are here:
a frilled lizard corpse; a rat corpse The orc wizard gestures wildly while chanting.
The orc wizard blinks!
You hit the orc warrior.
The orc warrior is lightly wounded.
The orc warrior hits you with a short sword!!
An orc comes into view. It is wielding a dagger.
The orc warrior hits you with a short sword!!
You die...

...........# .......o...####
g.............. ..r.>o.......
........... #....§### #....#
#####o.#.# ##...†@##..
#..######..#. ###.## ####...
########...# #.....# #≈≈≈#
#.........## ##.##..###≈(≈#
#...)......# #..#..#..#≈≈≈###
#.........)###.#..##..#≈≈≈#.#
##########.....#.#...##≈≈≈#.#
#....##..........##rWs#.###.


You could see an orc warrior, an orc wizard and an orc (wandering).

Vanquished Creatures
  2 adders (D:2)
  2 oozes
  A dart slug (D:1)
  A leopard gecko (D:1)
  3 giant cockroaches
  7 goblins
  4 hobgoblins
  3 kobolds
  A quokka (D:2)
  A ball python (D:2)
  5 bats
  A frilled lizard (D:3)
  A rat (D:3)
32 creatures vanquished.

Notes
Turn   | Place    | Note
-------+----------+-------------------------------------------
     0 | D:1      | Gearfox the Hill Orc Fighter began the quest for the Orb.
     0 | D:1      | Reached XP level 1. HP: 19/19 MP: 1/1
     1 | D:1      | Found a runed door.
    86 | D:1      | Reached skill level 3 in Axes
   153 | D:1      | Reached XP level 2. HP: 25/26 MP: 2/2
   496 | D:1      | Reached skill level 4 in Axes
   722 | D:2      | Reached XP level 3. HP: 19/31 MP: 3/3
   864 | D:2      | Found a bloodstained altar of Trog.
  1167 | D:2      | Reached skill level 5 in Axes
  1549 | D:3      | Found a runed door.
  1549 | D:3      | Noticed buskinjo's ghost (amateur DsFE)
  1567 | D:3      | Reached XP level 4. HP: 39/39 MP: 4/4
  1700 | D:3      | Noticed an orc warrior
  1702 | D:3      | Slain by an orc warrior

Skill      XL: |  1  2  3 |
---------------+----------+-----
Axes           | 3 4 5 |  5.7
Fighting       | |  3.6
Armour         | |  3.2
Shields        | |  3.2

Action                   |  1- 3 |  4- 6 || total
-------------------------+-------+-------++-------
Melee: War axe           |    85 |    18 ||   103
  Use: Scroll            |    10 |       ||    10
  Eat: Chunk             |     2 |       ||     2
Armor: Scale mail        |    67 |     7 ||    74
Dodge: Dodged            |    54 |    10 ||    64
Block: Shield            |    18 |       ||    18
